 Dungeon Crawl Stone Soup version 0.29.0-4-gdea44cf6ec (webtiles) character file.

Game seed: 5910908725628820601

554 qw the Chopper (level 7, -7/41 HPs)
             Began as a Tengu Warper on Aug 28, 2022.
             Mangled by Prince Ribbit (15 damage)
             ... on level 5 of the Dungeon.
             The game lasted 00:00:29 (5142 turns).

qw the Chopper (Tengu Warper)                       Turns: 5142, Time: 00:00:30

Health: -7/41      AC:  9    Str: 13    XL:     7   Next: 30%
Magic:  11/11      EV:  7    Int: 14    God:
Gold:   92         SH:  0    Dex: 13    Spells: 10/10 levels left

rFire   + . .      SeeInvis .   Y - +0 hand axe (vorpal)
rCold   + . .      Faith    .   (no shield)
rNeg    . . .      Spirit   .   f - +0 chain mail
rPois   .          Reflect  .   (helmet restricted)
rElec   .          Harm     .   (no cloak)
rCorr   .          Rampage  .   (no gloves)
Will    .....                   (boots unavailable)
Stlth   ..........              (no amulet)
HPRegen 0.13/turn               j - ring of protection from fire
MPRegen 0.12/turn               g - ring of protection from cold

@: flying quickly and evasively, quick
A: beak, talons 3, nimble flight
a: no special abilities


You were on level 5 of the Dungeon.
You visited 2 branches of the dungeon, and saw 6 of its levels.

You collected 320 gold pieces.
You spent 228 gold pieces at shops.


Innate Abilities, Weirdness & Mutations

You have a beak for a mouth.
You have claws for feet.
Your magical nature lets you fly swiftly and evasively.


   Skills:
 - Level 3.0 Fighting
 + Level 7.6 Axes
 - Level 1.0 Throwing
 - Level 2.9 Armour
 - Level 2.1 Dodging
 - Level 2.0 Spellcasting
 - Level 2.4 Translocations


You had 10 spell levels left.
You didn't know any spells.
Your spell library contained the following spells:

 Spells                   Type           Power      Damage    Failure   Level
 Blink                    Tloc           16%        N/A       99%         2
 Gell's Gravitas          Tloc           8%         N/A       100%        3
 Lesser Beckoning         Tloc           8%         N/A       100%        3
 Teleport Other           Tloc           8%         N/A       100%        3
 Manifold Assault         Tloc           8%         N/A       100%        5

Inventory:

Hand Weapons
 b - a +0 flail
 Y - a +0 vorpal hand axe (weapon)
Armour
 f - a +0 chain mail (worn)
 i - the +4 ring mail "Deotac" {Harm Rampage SInv Stlth+}
   (You found it on level 3 of the Dungeon)

   SInv:      It lets you see invisible.
   Harm:      It increases damage dealt and taken.
   Rampage:   It bestows one free step when moving towards enemies.
   Stlth:     It makes you more stealthy.
Jewellery
 g - a ring of protection from cold (right hand)
 j - a ring of protection from fire (left hand)
Scrolls
 a - a scroll of identify
 d - a scroll of enchant armour
Potions
 c - 2 potions of curing
 e - 2 potions of haste
 h - a potion of lignification {unknown}
 l - a potion of might

Dungeon Overview and Level Annotations

Branches:
Dungeon (5/15)             Temple (1/1) D:4

Altars:
Ashenzari
Cheibriados
Dithmenos
Elyvilon
Fedhas
Gozag
Kikubaaqudgha
Nemelex Xobeh
Sif Muna
Trog
Xom
The Shining One

Shops:
D:1 [   D:2 !   D:4 !

Annotations:
D:5 Prince Ribbit


Message History

You fly downwards.
Level annotation: Prince Ribbit Prince Ribbit blinks! x2
There is a stone staircase leading up here.
Prince Ribbit is nearby!
You barely miss Prince Ribbit. Your kick misses Prince Ribbit.
Prince Ribbit blinks!
You hit Prince Ribbit. You peck Prince Ribbit.
Prince Ribbit is moderately wounded.
Prince Ribbit hits you.
You closely miss Prince Ribbit. Your kick misses Prince Ribbit.
Your punch misses Prince Ribbit.
Prince Ribbit is moderately wounded.
Prince Ribbit hits you!
You miss Prince Ribbit. You claw Prince Ribbit. Your peck misses Prince Ribbit.
Prince Ribbit is moderately wounded.
Prince Ribbit hits you but does no damage.
You closely miss Prince Ribbit. Your kick misses Prince Ribbit.
Prince Ribbit is moderately wounded.
Prince Ribbit barely misses you.
Prince Ribbit hits you but does no damage.
You miss Prince Ribbit. Your kick misses Prince Ribbit.
Prince Ribbit is moderately wounded.
Prince Ribbit hits you!
You hit Prince Ribbit. Your kick misses Prince Ribbit. You peck Prince Ribbit.
Prince Ribbit is heavily wounded.
Prince Ribbit hits you!
You barely miss Prince Ribbit. Your peck misses Prince Ribbit.
Prince Ribbit is heavily wounded.
Prince Ribbit closely misses you.
Prince Ribbit hits you but does no damage.
You barely miss Prince Ribbit. Your kick misses Prince Ribbit.
Your peck misses Prince Ribbit.
Prince Ribbit is heavily wounded.
Prince Ribbit closely misses you.
You slash Prince Ribbit! Your kick misses Prince Ribbit.
Your peck misses Prince Ribbit.
Prince Ribbit is severely wounded.
Prince Ribbit hits you!
You die...

############
#..........#
#..........#
#..........#
#..........#
#..........######
.#....%.$)..##...#
............#..#.#
#.......@F.......#
#............#..##
..##.#######.##.###
###.. .. ..##...# #..
...#####.#
###..#######.#####.###
.........# #.........#
.........####....#####
..............##.##


You could see Prince Ribbit.

Vanquished Creatures
  3 black bears (D:4)
  A phantom (D:5)
  2 hounds
  7 adders
  A shadow imp (D:5)
  A worm (D:2)
  2 orcs (D:3)
  7 ball pythons
  6 bats
  2 endoplasms (D:3)
  7 giant cockroaches
  7 goblins
  5 hobgoblins
  5 jackals
  9 kobolds
  7 quokkas
  3 frilled lizards
  3 rats
78 creatures vanquished.

Notes
Turn   | Place    | Note
-------+----------+-------------------------------------------
     0 | D:1      | qw the Tengu Warper began the quest for the Orb.
     0 | D:1      | Reached XP level 1. HP: 12/12 MP: 4/4
     0 | D:1      | 0 ||| qw: Version: 0.1-a-89-g26bdef1
     0 | D:1      | 0 ||| qw: Game counter: 14
     0 | D:1      | 0 ||| qw: Always use a shield: true
     0 | D:1      | 0 ||| qw: God list: Okawaru
     0 | D:1      | 0 ||| qw: Allow faded altars: false
     0 | D:1      | 0 ||| qw: Do Orc after D:15 true
     0 | D:1      | 0 ||| qw: Do second Lair branch before Depths: true
     0 | D:1      | 0 ||| qw: Lair rune preference: random
     0 | D:1      | 0 ||| qw: Plans: Normal
     0 | D:1      | 0 ||| PLANNING D:1-11
    77 | D:1      | 77 ||| Stepping ~*~*~tactically~*~*~ (stealth).
   126 | D:1      | Reached XP level 2. HP: 13/17 MP: 6/6
   215 | D:1      | Found Ninoanon's Antique Armour Boutique.
   220 | D:1      | Reached skill level 3 in Axes
   228 | D:1      | 228 ||| SHOPLISTING ring mail (100 gold, have 37).
   292 | D:1      | 292 ||| Stepping ~*~*~tactically~*~*~ (stealth).
   294 | D:1      | 294 ||| Stepping ~*~*~tactically~*~*~ (stealth).
   302 | D:1      | 302 ||| Stepping ~*~*~tactically~*~*~ (stealth).
   387 | D:1      | 387 ||| DROPPING +0 club.
   635 | D:1      | 635 ||| Stepping ~*~*~tactically~*~*~ (stealth).
   680 | D:1      | Reached XP level 3. HP: 13/21 MP: 7/7
   686 | D:1      | 686 ||| Stepping ~*~*~tactically~*~*~ (stealth).
   687 | D:1      | 687 ||| Stepping ~*~*~tactically~*~*~ (stealth).
   791 | D:1      | 791 ||| Stepping ~*~*~tactically~*~*~ (stealth).
   940 | D:1      | 940 ||| UPGRADING to +0 ring mail.
   950 | D:1      | 950 ||| DROPPING +0 leather armour.
   951 | D:1      | 951 ||| READING 3 scrolls labelled EMEGY KANKOJU.
   952 | D:1      | 952 ||| READING scroll labelled TEUCVA XUMNITE.
   953 | D:1      | 953 ||| READING scroll labelled FYVVEVV FUYDI.
   954 | D:1      | 954 ||| READING 3 scrolls labelled BONISK XIFUIMAHINE.
   955 | D:1      | 955 ||| READING scroll labelled TAYK EMAKKUSTA.
   956 | D:1      | 956 ||| READING scroll labelled LIALYMP MO QUA.
   957 | D:1      | 957 ||| READING 2 scrolls of identify.
   957 | D:1      | 957 ||| IDENTIFYING viscous inky potion
   958 | D:1      | 958 ||| DROPPING scroll of blinking.
   959 | D:1      | 959 ||| DROPPING potion of attraction.
   960 | D:1      | 960 ||| DROPPING 2 scrolls of vulnerability.
  1009 | D:2      | Reached skill level 4 in Axes
  1171 | D:2      | 1171 ||| Stepping ~*~*~tactically~*~*~ (stealth).
  1464 | D:2      | Found Elich's Distillery.
  1477 | D:2      | 1477 ||| SHOPLISTING 2 potions of mutation (192 gold, have
                  | 128).
  1477 | D:2      | 1477 ||| BUYING potion of haste (120 gold).
  1477 | D:2      | Bought a potion of haste for 120 gold pieces
  1477 | D:2      | 1477 ||| SHOPLISTING potion of haste (120 gold, have 8).
  1477 | D:2      | 1477 ||| SHOPLISTING potion of heal wounds (60 gold, have
                  | 8).
  1588 | D:2      | Reached XP level 4. HP: 23/26 MP: 8/8
  2134 | D:2      | 2134 ||| READING scroll labelled LIUNIHENKU.
  2135 | D:2      | 2135 ||| READING scroll labelled GUMMIMNIUTH.
  2136 | D:2      | 2136 ||| READING scroll labelled OPRESYLA USUTI.
  2139 | D:2      | 2139 ||| READING 3 scrolls of identify.
  2139 | D:2      | 2139 ||| IDENTIFYING yellow potion
  2195 | D:3      | Reached skill level 5 in Axes
  2615 | D:3      | Identified the +4 ring mail "Deotac" {Harm Rampage SInv
                  | Stlth+}
  2616 | D:3      | 2616 ||| Stepping ~*~*~tactically~*~*~ (hiding).
  2632 | D:3      | 2632 ||| Stepping ~*~*~tactically~*~*~ (stealth).
  2638 | D:3      | 2638 ||| FLEEEEING.
  2780 | D:3      | 2780 ||| FLEEEEING.
  2781 | D:3      | 2781 ||| FLEEEEING.
  2782 | D:3      | 2782 ||| FLEEEEING.
  2783 | D:3      | 2783 ||| FLEEEEING.
  2784 | D:3      | 2784 ||| FLEEEEING.
  2785 | D:3      | 2785 ||| FLEEEEING.
  2786 | D:3      | 2786 ||| FLEEEEING.
  2928 | D:3      | 2928 ||| Stepping ~*~*~tactically~*~*~ (stealth).
  2936 | D:3      | Gained mutation: Your magical nature lets you fly swiftly
                  | and evasively. [Tengu growth]
  2936 | D:3      | Reached XP level 5. HP: 27/30 MP: 9/9
  2936 | D:3      | 2936 ||| FLEEEEING.
  2937 | D:3      | 2937 ||| FLEEEEING.
  2938 | D:3      | 2938 ||| FLEEEEING.
  2939 | D:3      | 2939 ||| FLEEEEING.
  3197 | D:3      | 3197 ||| UPGRADING to +0 ring mail of poison resistance.
  3207 | D:3      | 3207 ||| DROPPING +0 ring mail.
  3208 | D:3      | 3208 ||| READING 2 scrolls of identify.
  3208 | D:3      | 3208 ||| IDENTIFYING fizzy ruby potion
  3209 | D:3      | 3209 ||| DROPPING potion of ambrosia.
  3226 | D:3      | 3226 ||| Stepping ~*~*~tactically~*~*~ (stealth).
  3229 | D:3      | 3229 ||| Stepping ~*~*~tactically~*~*~ (stealth).
  3267 | D:3      | 3267 ||| UPGRADING to +0 chain mail.
  3277 | D:3      | 3277 ||| DROPPING +0 ring mail of poison resistance.
  3397 | D:4      | Noticed a black bear
  3407 | D:4      | HP: 5/30 [black bear (3)]
  3407 | D:4      | HP: 2/30 [black bear (2)]
  3409 | D:4      | Killed a black bear
  3410 | D:4      | Reached skill level 6 in Axes
  3410 | D:4      | Reached XP level 6. HP: 2/35 MP: 10/10
  3709 | D:4      | Noticed a black bear
  3713 | D:4      | 3713 ||| Stepping ~*~*~tactically~*~*~ (stealth).
  3721 | D:4      | Killed a black bear
  4031 | D:4      | Found a glowing golden altar of the Shining One.
  4065 | D:4      | Found Baloeh's Distillery.
  4074 | D:4      | 4074 ||| BUYING potion of heal wounds (60 gold).
  4074 | D:4      | Bought a potion of heal wounds for 60 gold pieces
  4074 | D:4      | 4074 ||| BUYING potion of might (48 gold).
  4074 | D:4      | Bought a potion of might for 48 gold pieces
  4074 | D:4      | 4074 ||| SHOPLISTING potion of mutation (96 gold, have 4).
  4084 | D:4      | Found a snail-covered altar of Cheibriados.
  4156 | D:4      | Found a staircase to the Ecumenical Temple.
  4157 | D:4      | 4157 ||| PLANNING TEMPLE
  4157 | D:4      | 4157 ||| DROPPING scarf of shadows.
  4158 | D:4      | 4158 ||| UPGRADING to ring of protection from fire.
  4168 | Temple   | Entered the Ecumenical Temple
  4223 | Temple   | 4223 ||| PLANNING D:1-11
  4223 | Temple   | 4223 ||| READING scroll labelled YDGHOU BUCWOENI.
  4251 | D:4      | Noticed a black bear
  4259 | D:4      | HP: 7/35 [black bear (2)]
  4260 | D:4      | 4260 ||| DRINKING 2 potions of heal wounds.
  4264 | D:4      | HP: 6/35 [black bear (5)]
  4264 | D:4      | HP: 1/35 [black bear (5)]
  4265 | D:4      | 4265 ||| DRINKING potion of heal wounds.
  4269 | D:4      | Killed a black bear
  4270 | D:4      | Reached skill level 7 in Axes
  4270 | D:4      | Reached XP level 7. HP: 2/40 MP: 11/11
  4832 | D:5      | Entered Level 5 of the Dungeon
  4836 | D:5      | 4836 ||| STAIRDANCE
  4881 | D:5      | Reached skill level 3 in Fighting
  4972 | D:5      | 4972 ||| DROPPING +0 whip.
  5010 | D:5      | Noticed Prince Ribbit
  5015 | D:5      | 5015 ||| FLEEEEING.
  5016 | D:5      | 5016 ||| FLEEEEING.
  5017 | D:5      | 5017 ||| STAIRDANCE
  5126 | D:4      | 5126 ||| UPGRADING to ring of protection from cold.
  5139 | D:5      | HP: 7/41 [Prince Ribbit (12)]
  5142 | D:5      | Mangled by Prince Ribbit

Levels and vault maps discovered:
D:1:      nzn_arrival_depleted_hourglass, layout_rooms, serial_shops,
          nicolae_shop_advertising_works [nicolae_subvault_shop_adworks]
D:2:      layout_basic, serial_shops, shop_coins
D:3:      layout_loops_ring, minmay_circle_x
D:4:      layout_basic, nicolae_tso_swordbearing_angel,
          mainiacjoe_overflow_small_starburst, minmay_temple_entry_antechambers,
          serial_shops, shop
D:5:      dreamdust_elfheim, layout_rooms, mainiacjoe_overflow_cross_hatched,
          nicolae_overflow_hallway_of_the_gods, uniq_sigmund,
          uniq_blork_the_orc, uniq_prince_ribbit1
Temple:   zaba_magenta_temple

Skill      XL: |  1  2  3  4  5  6  7 |
---------------+----------------------+-----
Axes           | 3 4 5 6 7 |  7.6
Armour         | 2 |  2.9
Fighting       | 3 |  3.0
Throwing       | |  1.0
Dodging        | |  2.1
Spellcasting   | |  2.0
Translocations | |  2.4

Action                   |  1- 3 |  4- 6 |  7- 9 || total
-------------------------+-------+-------+-------++-------
Melee: Hand axe          |    93 |   122 |    40 ||   255
       Kick              |    18 |    42 |    10 ||    70
       Peck              |    15 |    16 |     5 ||    36
       Punch             |       |     1 |       ||     1
Throw: Boomerang         |     7 |       |       ||     7
  Use: Scroll            |     7 |     6 |       ||    13
       Potion            |       |     2 |       ||     2
Armor: Leather armour    |    14 |       |       ||    14
       Ring mail         |    11 |    18 |       ||    29
       Chain mail        |       |    59 |    18 ||    77
Dodge: Dodged            |    43 |    64 |    13 ||   120

Table legend:
 A = Non-vault XP
 B = Vault XP
 C = Vault XP percentage of total XP
 D = Non-vault monster count
 E = Vault monster count
 F = Vault count percentage of total count
                 A         B        C        D         E       F
            +---------+---------+-------+---------+---------+-------
      Total |     783 |       9 |   1.1 |      74 |       4 |   5.1
            +---------+---------+-------+---------+---------+-------
        D:1 |      43 |       0 |   0.0 |      26 |       0 |   0.0
        D:2 |      58 |       0 |   0.0 |      17 |       0 |   0.0
        D:3 |      71 |       9 |  11.2 |      13 |       4 |  23.5
        D:4 |     445 |       0 |   0.0 |      13 |       0 |   0.0
        D:5 |     166 |       0 |   0.0 |       5 |       0 |   0.0
            +---------+---------+-------+---------+---------+-------
